 Dungeon Crawl Stone Soup version 0.29-a0-553-g81b289dbe5 (webtiles) character file.

Game seed: 15744786337605991212

57646 thriggle the Frost Mage (level 14, 0/109 HPs)
             Began as a Barachi Ice Elementalist on June 6, 2022.
             Was an Initiate of Gozag.
             Slain by a fire elemental (8 damage)
             ... led by Azrael
             ... on level 12 of the Dungeon.
             The game lasted 02:27:34 (24716 turns).

thriggle the Frost Mage (Barachi Ice Elementalist) Turns: 24716, Time: 02:27:34

Health: 0/109      AC: 26    Str: 18 (19) XL:     14   Next: 87%
Magic:  9/26       EV: 14    Int: 22      God:    Gozag
Gold:   3303       SH:  0    Dex: 11 (12) Spells: 12/30 levels left

rFire   . . .      SeeInvis +   P - +3 scimitar (freeze)
rCold   . . .      Faith    .   (no shield)
rNeg    . . .      Spirit   .   F - +1 swamp dragon scales
rPois   +          Reflect  .   M - +1 helmet
rElec   .          Harm     .   w - +2 cloak of the Thief {*Fog Slay-2 SInv Stlth+}
rCorr   +          Rampage  .   R - +2 pair of gloves "Mueroh" {*Slow rCorr Slay+2}
Will    +....                   o - +1 pair of boots
Stlth   +++.......              L - amulet of regeneration
HPRegen 1.08/turn               W - +4 ring of protection
MPRegen 0.20/turn               z - +6 ring of intelligence

@: gold aura, unable to hop, slow
A: amphibious, slowness 1, strong legs 2, +LOS, deterioration 1, strong 2
a: Hop, Renounce Religion, Potion Petition, Call Merchant, Bribe Branch


You were on level 12 of the Dungeon.
You worshipped Gozag.
Gozag was most pleased with you.
You visited 2 branches of the dungeon, and saw 18 of its levels.
You also visited: Bailey and Volcano.

You collected 6716 gold pieces.
You spent 937 gold pieces at shops.
You paid 2476 gold pieces to Gozag.

Inventory:

Hand Weapons
 C - a +4 scimitar of flaming
 P - a +3 scimitar of freezing (weapon)
Missiles
 f - 16 boomerangs
 i - 2 datura-tipped darts
 r - 12 curare-tipped darts
 y - 3 silver javelins
 I - 23 poisoned darts
Armour
 n - the +2 cloak "Beytrarreo" {Int+3 Dex+2}
   (You bought it in a shop on level 8 of the Dungeon)

   Int:       It affects your intelligence (+3).
   Dex:       It affects your dexterity (+2).
 o - a +1 pair of boots (worn)
 w - the +2 cloak of the Thief (worn) {*Fog Slay-2 SInv Stlth+}
   (You bought it in a shop on level 8 of the Dungeon)

   It may release a thick cloud of smoke when the wearer is hurt.
   Slay:      It affects your accuracy & damage with ranged weapons and melee
   (-2).
   SInv:      It lets you see invisible.
   Stlth:     It makes you more stealthy.
 B - the +1 scale mail "Hero's Friend" {-Tele Rampage rElec rF++}
   (You found it on level 5 of the Dungeon)

   rF:        It greatly protects you from fire.
   rElec:     It insulates you from electricity.
   -Tele:     It prevents most forms of teleportation.
   Rampage:   It bestows one free step when moving towards enemies.
 F - +1 swamp dragon scales (worn)
 M - a +1 helmet (worn)
 R - the +2 pair of gloves "Mueroh" (worn) {*Slow rCorr Slay+2}
   (You found it on level 4 of the Lair of Beasts)

   Slay:      It affects your accuracy & damage with ranged weapons and melee
   (+2).
   rCorr:     It protects you from acid and corrosion.
   *Slow:     It may slow you when you take damage.
Magical Staves
 U - a staff of cold
Jewellery
 h - an amulet of magic regeneration
 k - a ring of willpower
 m - a ring of positive energy
 z - a +6 ring of intelligence (right hand)
 H - a ring of protection from fire
 J - an amulet of reflection
 K - a ring of protection from cold
 L - an amulet of regeneration (around neck)
 W - a +4 ring of protection (left hand)
Wands
 a - a wand of polymorph (28)
 l - a wand of mindburst (8)
 N - a wand of digging (4)
 O - a wand of iceblast (13)
 S - a wand of flame (21)
 T - a wand of paralysis (4)
 Y - a wand of acid (1)
 Z - a wand of charming (7)
Scrolls
 d - a scroll of summoning
 j - 9 scrolls of poison
 p - a scroll of magic mapping
 q - 2 scrolls of silence
 s - 2 scrolls of amnesia
 A - 11 scrolls of teleportation
 G - 5 scrolls of blinking
Potions
 b - a potion of magic
 c - 3 potions of heal wounds
 e - a potion of invisibility
 g - a potion of might
 D - a potion of cancellation
 E - 3 potions of brilliance
 Q - a potion of ambrosia
 V - 5 potions of curing
 X - 3 potions of berserk rage
Miscellaneous
 t - a piece from Xom's chessboard (15/15)
 u - a phantom mirror
 x - a piece from Xom's chessboard (15/15)


   Skills:
 + Level 9.8 Fighting
 - Level 1.0(5.6) Short Blades
 + Level 9.8 Long Blades
 + Level 8.3 Throwing
 + Level 9.9 Armour
 + Level 9.4 Dodging
 - Level 6.0 Stealth
 + Level 7.2 Shields
 + Level 8.6 Spellcasting
 + Level 8.5 Conjurations
 - Level 2.0 Summonings
 + Level 11.1 Ice Magic
 + Level 8.6 Evocations


You had 12 spell levels left.
You knew the following spells:

 Your Spells              Type           Power      Damage    Failure   Level
a - Freeze                Ice            100%       1d11      1%          1
b - Ozocubu's Armour      Ice            55%        N/A       1%          3
c - Frozen Ramparts       Ice            100%       1d12      1%          3
d - Hailstorm             Conj/Ice       52%        3d12      1%          4
e - Apportation           Tloc           18%        N/A       11%         1
f - Ensorcelled Hibernat  Hex/Ice        66%        N/A       1%          2
g - Summon Ice Beast      Ice/Summ       38%        N/A       8%          4

Your spell library contained the following spells:

 Spells                   Type           Power      Damage    Failure   Level
 Summon Small Mammal      Summ           72%        N/A       4%          1
 Iskenderun's Battlesphe  Conj           47%        2d10      9%          5
 Necrotize                Necr           36%        1d5       11%         1
 Blink                    Tloc           18%        N/A       17%         2
 Poisonous Vapours        Pois/Air       18%        N/A       17%         2
 Spider Form              Tmut/Pois      9%         N/A       32%         3
 Fireball                 Conj/Fire      14%        3d8       45%         5
 Ozocubu's Refrigeration  Ice            27%        4d10      67%         7
 Anguish                  Hex/Necr       4%         N/A       73%         4
 Olgreb's Toxic Radiance  Pois           9%         N/A       73%         4
 Summon Forest            Summ/Tloc      6%         N/A       90%         5
 Summon Mana Viper        Hex/Summ       13%        N/A       90%         5
 Orb of Destruction       Conj           23%        9d8       95%         7
 Conjure Ball Lightning   Conj/Air       14%        3x3d6     96%         6
 Alistair's Intoxication  Tmut/Pois      6%         N/A       97%         5
 Borgnjor's Vile Clutch   Necr/Erth      4%         N/A       97%         5
 Manifold Assault         Tloc           9%         N/A       97%         5
 Eringya's Noxious Bog    Tmut/Pois      4%         N/A       100%        6
 Monstrous Menagerie      Summ           9%         N/A       100%        7
 Storm Form               Tmut/Air       4%         N/A       100%        7
 Summon Hydra             Summ           9%         N/A       100%        7
 Ignition                 Fire           4%         3d4       100%        8
 Corpse Rot               Necr/Pois/Air  Unusable   N/A       N/A         4

Dungeon Overview and Level Annotations

Branches:
Dungeon (12/15)            Temple (0/1) D:7            Lair (6/6) D:8
  Swamp (0/4) Lair:2       Spider (0/4) Lair:4        Slime (0/5) Lair:6
 Bailey (visited)         Volcano (visited)
    Orc: D:9-12

Altars:
Ashenzari
Dithmenos
Elyvilon
Fedhas
Gozag
Ru
Trog
Vehumet
The Shining One
Lugonu

Shops:
D:5 *   D:8 [(   D:10 [

Portals:
Abyss: Lair:6
Trove: D:10 (give 11 potions of heal wounds)

Annotations:
D:12 Azrael


Innate Abilities, Weirdness & Mutations

You are amphibious.
You cover ground slowly.
You can hop long distances.
You have an extended range of vision and can be seen from far away.
Your body sometimes deteriorates upon taking damage.
Your muscles are very strong. (Str +4)


Message History

You slash Azrael! You freeze Azrael.
Azrael is almost dead.
The fire elemental hits you. The fire elemental burns you!
The hell hound bites you but does no damage.
Azrael gestures at you.
The fireball explodes!
The fireball engulfs you!!!
* * * LOW HITPOINT WARNING * * *
Your body deteriorates!
You feel clumsy.
With a swish of your cloak, you release a cloud of fog.
The fireball engulfs the fire elemental.
The fire elemental completely resists.
The fireball engulfs the hell hound.
The hell hound completely resists.
The fireball engulfs Azrael.
Azrael completely resists.
The fireball engulfs the fire elemental.
The fire elemental completely resists.
The fireball engulfs the fire elemental.
The fire elemental completely resists.
The fire elemental is no longer distracted by gold.
The fire elemental barely misses you. The fire elemental hits you.
You hear an angry hiss.
Hop to where?
Press: ? - help, Dir - move target Boing!
The hell hound barely misses you. The fire elemental misses you.
The hell hound closely misses you. Azrael gestures at you.
The fireball explodes!
The fireball engulfs you!!
* * * LOW HITPOINT WARNING * * *
The fireball engulfs the hell hound.
The hell hound completely resists.
The hell hound bites you but does no damage.
Okay, then.
As you read the scroll of fear, it crumbles to dust.
You assume a fearsome visage.
Azrael looks frightened!
The fire elemental is unaffected. x2; The hell hound looks frightened!
The fire elemental is unaffected.
The fire elemental hits you.
* * * LOW HITPOINT WARNING * * *
The fire elemental burns you!
* * * LOW HITPOINT WARNING * * *
The fire elemental hits you. The fire elemental burns you!
You die...
Your body crumbles into a pile of gold.

......####.......#
..$..............#
.................+
.......$..$.....##
#§§.°.........
#E§E°.........
#E§§☼.........
##+#Eh§§.......<.
#.§§@E§##########
#.§[§§§# #...<..#
#......+ #...^?.#
#......# ..####...
... #.... ...
#....#


You could see 3 fire elementals and a hell hound (fleeing).

Vanquished Creatures
  5 hydras
  Harold (Lair:1)
  2 boulder beetles
  Fannar (D:11)
  Erica (D:11)
  A catoblepas (Lair:3)
  2 two-headed ogres
  10 death yaks
  4 thrashing horrors (Lair:6)
  A sun demon (Volcano)
  Sonja (Lair:3)
  Lodul (D:11)
  An orc sorcerer (Volcano)
  A large abomination (Lair:6)
  7 elephants
  A manticore (D:11)
  3 ugly things (Volcano)
  A black mamba (Lair:5)
  A smoke demon (Lair:6)
  A torpor snail (Lair:3)
  4 molten gargoyles
  Maggie (D:10)
  A gargoyle (D:10)
  An unseen horror (D:10)
  11 cane toads
  2 kobold demonologists (D:11)
  Psyche (D:10)
  2 rime drakes
  10 komodo dragons
  A red devil (Volcano)
  3 ancient zymes (Lair:6)
  A merfolk (shapeshifter) (Lair:6)
  2 polar bears
  A meliai (shapeshifter) (Lair:6)
  A hornet (D:8)
  A tyrant leech (Lair:2)
  3 trolls
  15 blink frogs
  Sigmund (D:2)
  3 jumping spiders (Lair:4)
  3 culicivoras (Lair:4)
  A shadow (D:11)
  A vampire (D:10)
  2 spriggans
  3 wraiths
  2 wyverns
  3 ynoxinuls (Lair:6)
  6 basilisks
  2 fire bats (Volcano)
  A fire elemental (D:12)
  31 yaks
  2 chaos spawn (Lair:6)
  2 steam dragons
  Grum (D:8)
  An acid dragon (D:7)
  15 water moccasins
  The ghost of Sylvie the Digger, an amateur DEEE (D:5)
  8 orc warriors
  A hell hound (D:12)
  2 ice beasts
  4 black bears
  A sky beast (D:6)
  7 ogres (D:11)
  21 wolves
  A phantom (D:4)
  A centaur (D:9)
  4 kobold brigands
  2 necrophages
  8 small abominations (Lair:6)
  20 bullfrogs
  3 scorpions
  8 wights
  12 killer bees
  7 howler monkeys
  5 electric eels
  12 lava snakes
  2 hounds (D:7)
  3 jellies
  6 orc priests
  Terence (D:2)
  2 iguanas
  9 orc wizards
  10 hell rats
  A gnoll (Bailey)
  10 adders
  A shadow imp (D:8)
  An ufetubus (D:4)
  7 dart slugs
  29 orcs
  5 bats (D:1)
  6 endoplasms
  3 giant cockroaches (D:1)
  11 hobgoblins
  2 jackals (D:1)
  4 quokkas
  12 ball pythons
  4 frilled lizards
  15 goblins
  19 kobolds
  7 rats
485 creatures vanquished.

Vanquished Creatures (collateral kills)
  An iguana (D:4)
1 creature vanquished.

Vanquished Creatures (others)
  89 fungi
  101 plants
190 creatures vanquished.

Grand Total: 676 creatures vanquished

Notes
Turn   | Place    | Note
-------+----------+-------------------------------------------
     0 | D:1      | thriggle the Barachi Ice Elementalist began the quest for
                  | the Orb.
     0 | D:1      | Reached XP level 1. HP: 13/13 MP: 3/3
   260 | D:1      | Found a faded altar of an unknown god.
   266 | D:1      | Prayed at the altar of an unknown god.
   266 | D:1      | Became a worshipper of Gozag Ym Sagoz the Greedy
   473 | D:1      | Reached XP level 2. HP: 17/20 MP: 5/5
   538 | D:1      | Reached skill level 5 in Ice Magic
   926 | D:1      | Reached XP level 3. HP: 11/25 MP: 4/6
  1097 | D:1      | Reached skill level 1 in Fighting
  1366 | D:2      | Learned a level 3 spell: Ozocubu's Armour
  1490 | D:2      | Reached skill level 1 in Short Blades
  1490 | D:2      | Reached skill level 1 in Throwing
  1615 | D:2      | Noticed Sigmund
  1625 | D:2      | You are sucked into a shaft and drop 2 floors!
  1669 | D:4      | Reached XP level 4. HP: 29/32 MP: 3/7
  1847 | D:4      | Noticed a phantom
  1871 | D:4      | Found a sacrificial altar of Ru.
  1918 | D:4      | Noticed a scorpion
  1934 | D:4      | Killed a scorpion
  1935 | D:4      | Reached skill level 1 in Long Blades
  1935 | D:4      | Reached skill level 1 in Armour
  1935 | D:4      | Reached XP level 5. HP: 18/38 MP: 7/9
  2359 | D:3      | Found a broken altar of Ashenzari.
  2878 | D:3      | Found a radiant altar of Vehumet.
  3138 | D:2      | Learned a level 3 spell: Frozen Ramparts
  3178 | D:2      | Reached XP level 6. HP: 44/44 MP: 10/10
  3412 | D:2      | Noticed Terence
  3416 | D:2      | Killed Terence
  3417 | D:2      | Reached skill level 1 in Evocations
  3545 | D:2      | Killed Sigmund
  3546 | D:2      | Reached XP level 7. HP: 41/51 MP: 1/11
  3789 | D:2      | Found a sacrificial altar of Ru.
  4341 | D:4      | Reached skill level 6 in Ice Magic
  4554 | D:4      | Found a shadowy altar of Dithmenos.
  4668 | D:5      | Entered Level 5 of the Dungeon
  4774 | D:5      | Reached XP level 8. HP: 34/57 MP: 13/13
  4897 | D:5      | Found a blossoming altar of Fedhas.
  4903 | D:5      | Found a white marble altar of Elyvilon.
  4962 | D:5      | Found Tubego's General Store.
  5238 | D:5      | Found a runed translucent door.
  5262 | D:5      | Learned a level 4 spell: Hailstorm
  5312 | D:5      | Reached skill level 1 in Shields
  5362 | D:5      | Identified the +1 scale mail "Hero's Friend" {-Tele Rampage
                  | rElec rF++}
  5474 | D:5      | Reached skill level 1 in Conjurations
  5584 | D:5      | Noticed Sylvie's ghost (amateur DEEE)
  5704 | D:5      | Killed Sylvie's ghost
  6547 | D:7      | Learned a level 1 spell: Apportation
  6573 | D:7      | Reached XP level 9. HP: 24/65 MP: 3/15
  6681 | D:7      | Found a flagged portal.
  6858 | Bailey   | Entered a bailey
  6925 | Bailey   | Reached skill level 7 in Ice Magic
  7051 | Bailey   | Identified the +6 plate armour "Miquvugg" {rF+}
  7096 | Bailey   | Reached skill level 5 in Dodging
  7751 | D:7      | Found a staircase to the Ecumenical Temple.
  7904 | D:8      | Reached skill level 5 in Fighting
  8084 | D:8      | Noticed Grum
  8085 | D:8      | Reached skill level 5 in Spellcasting
  8085 | D:8      | Reached XP level 10. HP: 63/74 MP: 11/17
  8091 | D:8      | Reached skill level 5 in Armour
  8093 | D:8      | Reached skill level 5 in Long Blades
  8113 | D:8      | Reached skill level 5 in Stealth
  8133 | D:8      | Killed Grum
  8245 | D:8      | Found a staircase to the Lair.
  8928 | D:8      | Reached skill level 5 in Throwing
  8936 | D:8      | Reached skill level 8 in Ice Magic
  9550 | D:9      | Found a bloodstained altar of Trog.
  9680 | D:8      | Reached skill level 5 in Evocations
  9910 | D:9      | Reached XP level 11. HP: 50/81 MP: 16/19
 10075 | Lair:1   | Entered Level 1 of the Lair of Beasts
 10450 | Lair:1   | Reached skill level 5 in Conjurations
 10607 | Lair:1   | Noticed Harold
 10627 | Lair:1   | Killed Harold
 11516 | D:8      | Bought the +2 cloak of the Thief {*Fog Slay-2 SInv Stlth+}
                  | for 361 gold pieces
 11516 | D:8      | Found the +2 cloak of the Thief {*Fog Slay-2 SInv Stlth+}
 11828 | D:9      | Noticed an eight-headed hydra
 11837 | D:9      | Identified a scroll of acquirement
 11837 | D:9      | Acquired 1272 gold pieces
 12190 | D:9      | Killed an eight-headed hydra
 12495 | D:10     | Entered Level 10 of the Dungeon
 12495 | D:10     | Noticed Maggie
 12502 | D:10     | Reached XP level 12. HP: 91/91 MP: 12/21
 12519 | D:10     | Killed Maggie
 12851 | Lair:2   | Reached skill level 9 in Ice Magic
 13625 | Lair:2   | Noticed an eight-headed hydra
 13636 | Lair:2   | Found a staircase to the Swamp.
 13650 | Lair:2   | Killed a seven-headed hydra
 13871 | Lair:2   | Noticed a death yak
 13983 | D:8      | Bought the +2 cloak "Beytrarreo" {Int+3 Dex+2} for 576 gold
                  | pieces
 14093 | Lair:2   | Learned a level 2 spell: Ensorcelled Hibernation
 14442 | Lair:2   | Killed a death yak
 15212 | Lair:3   | Noticed Sonja
 15226 | Lair:3   | Killed Sonja
 15657 | Lair:3   | Noticed a catoblepas
 15666 | Lair:3   | Killed a catoblepas
 15670 | Lair:3   | Noticed a boulder beetle
 16076 | Lair:3   | Reached skill level 5 in Shields
 16124 | Lair:3   | Gained mutation: You can hop long distances. [Barachi
                  | growth]
 16124 | Lair:3   | Reached XP level 13. HP: 94/98 MP: 23/23
 16604 | Lair:4   | Found a dark tunnel.
 16682 | Volcano  | Entered a volcano
 16710 | Volcano  | Learned a level 4 spell: Summon Ice Beast
 16955 | Volcano  | Found a burning altar of Makhleb.
 17019 | Volcano  | Reached skill level 1 in Summonings
 17248 | Volcano  | Reached skill level 10 in Ice Magic
 17647 | Lair:4   | Identified the +2 pair of gloves "Mueroh" {*Slow rCorr
                  | Slay+2}
 17887 | Lair:4   | Found a hole to the Spider Nest.
 19792 | Lair:6   | Entered Level 6 of the Lair of Beasts
 19823 | Lair:6   | Gained mutation: Your muscles are strong. (Str +2) [potion
                  | of mutation]
 19823 | Lair:6   | Gained mutation: Your body sometimes deteriorates upon
                  | taking damage. [potion of mutation]
 19823 | Lair:6   | Gained mutation: Your muscles are very strong. (Str +4)
                  | [potion of mutation]
 20079 | Lair:6   | Reached XP level 14. HP: 102/108 MP: 14/26
 22001 | Lair:6   | Found a corrupted altar of Lugonu.
 22001 | Lair:6   | Found a one-way gate to the infinite horrors of the Abyss.
 22355 | Lair:6   | Found a staircase to the Slime Pits.
 22920 | D:10     | Found a glowing golden altar of the Shining One.
 23322 | D:10     | Found a portal to a secret trove of treasure.
 23417 | D:10     | Noticed Psyche
 23441 | D:10     | Killed Psyche
 23468 | D:10     | Identified the +6 rapier "Doucsith" {vorpal, Fragile rElec
                  | rCorr}
 24012 | D:11     | Noticed Erica
 24026 | D:11     | Killed Erica
 24027 | D:11     | Reached skill level 11 in Ice Magic
 24104 | D:11     | Noticed Fannar
 24128 | D:11     | Killed Fannar
 24402 | D:11     | Noticed Lodul
 24446 | D:11     | Killed Lodul
 24699 | D:12     | Noticed Azrael
 24716 | D:12     | Slain by a fire elemental

Illustrated notes

Levels and vault maps discovered:
D:1:      minmay_arrival_hallway, layout_loops_ring, basic_ecumenical_altar
D:2:      layout_loops_ring, basic_altar, minmay_snake_closets, uniq_terence,
          uniq_sigmund
D:3:      layout_basic, old_standard_altar, nicolae_ashenzari_skybound
D:4:      layout_rooms, nicolae_ru_sacrificial_ziggurat,
          lemuel_coloured_pillars_altar
D:5:      layout_basic, fedhas_altar_2, overflow_temple_1_default, serial_shops,
          nicolae_shop_statue_plus, gammafunk_ghost_grave
D:6:      layout_basic
D:7:      layout_basic, minmay_temple_entry_nine_rooms, enter_bailey_3
D:8:      layout_basic, due_lair_maze_entry_diamond, uniq_grum
D:9:      layout_irregular_city, mainiacjoe_overflow_six_doors_small,
          kennysheep_generic_room_12
D:10:     layout_rooms, nicolae_overflow_hidden_temple,
          nicolae_tso_carved_into_rock, nicolae_trove_entry_crystal,
          uniq_maggie, uniq_psyche
D:11:     layout_long_grid, uniq_lodul, uniq_fannar, uniq_erica
D:12:     layout_gridville, david_orc_3, uniq_azrael
Lair:1:   layout_chaotic_city, grunt_megastairs_4, uniq_harold
Lair:2:   nzn_winding_woodlands_cross [nzn_winding_woodlands_5x15_sawtooth,
          nzn_winding_woodlands_5x15_split_checker,
          nzn_winding_woodlands_5x15_sidewinder,
          nzn_winding_woodlands_5x15_jagged,
          nzn_winding_woodlands_15x15_eel_pit], layout_regular_city,
          minmay_swamp_entry_worms, chequers_serial_rivers_micro_b,
          nicolae_lair_grazing_beasts [nicolae_sub_lair_graze_edge,
          nicolae_sub_lair_graze_edge, nicolae_sub_lair_graze_edge,
          nicolae_sub_lair_graze_edge]
Lair:3:   layout_loops_ring, infiniplex_staircase_pool, grunt_megastairs_3,
          uniq_sonja
Lair:4:   layout_roguey, nicolae_spider_entry_tight_spaces,
          lightli_volcano_entry_magma_tube, serial_bayou_pond_e, wad_woods_03,
          lemuel_fruit_tree
Lair:5:   cheibrodos_magma_flow, layout_gridlike
Lair:6:   hellmonk_lair_end_abyssal_woods, layout_loops_ring,
          minmay_slime_entry_oklob_enclosed, st_stairs_9, serial_bayou_shore_b

Skill      XL: |  1  2  3  4  5  6  7  8  9 10 11 12 13 14 |
---------------+-------------------------------------------+-----
Ice Magic      | 5 6 7 8 9 10 11 | 11.1
Stealth        | 2 3 4 5 6 |  6.0
Fighting       | 1 2 3 4 5 6 7 8 9 |  9.8
Short Blades   | 1 |  1.0
Throwing       | 1 2 3 4 5 6 7 8 |  8.3
Long Blades    | 1 2 3 4 6 7 8 9 |  9.8
Armour         | 1 2 3 4 5 6 8 9 |  9.9
Dodging        | 3 4 5 6 7 8 9 |  9.4
Spellcasting   | 3 4 5 6 7 8 |  8.6
Evocations     | 1 2 3 4 5 6 7 8 |  8.6
Shields        | 1 3 5 6 7 |  7.2
Conjurations   | 2 3 4 5 6 7 8 |  8.5
Summonings     | 2 |  2.0

Action                   |  1- 3 |  4- 6 |  7- 9 | 10-12 | 13-15 || total
-------------------------+-------+-------+-------+-------+-------++-------
Melee: Mace              |    15 |       |     1 |       |       ||    16
       Short sword       |     5 |       |       |       |       ||     5
       Spear             |    47 |    68 |    18 |     2 |       ||   135
       Long sword        |       |       |   104 |       |       ||   104
       Rapier            |       |       |    23 |       |       ||    23
       Scimitar          |       |       |    61 |   377 |   470 ||   908
       Punch             |       |       |     1 |     3 |    10 ||    14
Throw: Stone             |       |    24 |    20 |     3 |       ||    47
       Dart              |       |       |     9 |     3 |    15 ||    27
       Javelin           |       |       |     4 |       |       ||     4
       Boomerang         |       |       |     1 |    31 |    45 ||    77
 Cast: Freeze            |    18 |    23 |     5 |    15 |     2 ||    63
       Ozocubu's Armour  |     1 |     5 |    21 |    34 |    40 ||   101
       Frozen Ramparts   |       |     2 |    26 |    44 |    54 ||   126
       Hailstorm         |       |       |       |    22 |   105 ||   127
       Ensorcelled Hiber |       |       |       |     1 |     5 ||     6
       Summon Ice Beast  |       |       |       |       |     1 ||     1
Invok: Call Merchant     |       |       |       |     2 |     1 ||     3
 Abil: Hop               |       |       |     5 |     3 |     4 ||    12
Evoke: Wand              |       |       |    10 |     6 |     9 ||    25
  Use: Scroll            |     2 |     4 |    15 |     9 |     9 ||    39
       Potion            |       |     2 |     7 |    12 |     4 ||    25
 Stab: Sleeping          |     2 |     2 |     5 |     6 |     9 ||    24
       Paralysed         |       |       |     1 |       |       ||     1
       Invisible         |       |       |       |     1 |       ||     1
       Distracted        |       |       |       |       |     1 ||     1
Armor: Robe              |    25 |       |       |       |       ||    25
       Leather armour    |       |     9 |    25 |       |       ||    34
       Scale mail        |       |       |    65 |   145 |    15 ||   225
       Swamp dragon scal |       |       |       |    89 |   255 ||   344
Dodge: Dodged            |    42 |    37 |   121 |   268 |   363 ||   831
Block: Other             |       |       |    30 |    99 |    32 ||   161
       Reflection        |       |       |     1 |     3 |       ||     4

Table legend: (Time is in decaauts)
 A = Elapsed time spent in this place.
 B = Non-inter-level travel time spent in this place.
 C = Inter-level travel time spent in this place.
 D = Time resting spent in this place.
 E = Time spent auto-exploring this place.
 F = Levels seen in this place.
 G = Mean time per level.
                   A        B        C        D        E       F      G
               +--------+--------+--------+--------+--------+-----+--------+
         Total |  27408 |  26267 |   1141 |   6334 |   9182 |  20 | 1370.4 |
       Dungeon |  14331 |  13784 |    547 |   2895 |   5739 |  12 | 1194.2 |
          Lair |  11928 |  11334 |    594 |   3243 |   3358 |   6 | 1988.0 |
        Bailey |    450 |    450 |      0 |     14 |     85 |   1 |  450.0 |
       Volcano |    698 |    698 |      0 |    182 |      0 |   1 |  698.0 |
               +--------+--------+--------+--------+--------+-----+--------+

Top non-repeatable levels by time:
  Lair:6: 2992 daAuts
  Lair:2: 2796 daAuts
     D:8: 2063 daAuts
  Lair:1: 1767 daAuts
     D:9: 1648 daAuts
  Lair:3: 1618 daAuts
  Lair:4: 1510 daAuts
     D:1: 1451 daAuts
     D:4: 1333 daAuts
     D:2: 1277 daAuts
  Lair:5: 1242 daAuts
     D:5: 1226 daAuts
     D:7: 1158 daAuts
    D:11: 1147 daAuts
     D:3: 1101 daAuts
